 Dungeon Crawl Stone Soup version 0.28-a0-563-gf77a47075d (webtiles) character file.

Game seed: 1141377462536334031

2326 robertstho the Thaumaturge (level 9, -2/61 HPs)
             Began as a Djinni Fire Elementalist on Sept 29, 2021.
             Was an Initiate of Gozag.
             Slain by a two-headed ogre (8 damage)
             ... on level 7 of the Dungeon.
             The game lasted 00:10:05 (8103 turns).

robertstho the Thaumaturge (DjFE)                   Turns: 8103, Time: 00:10:06

Health: -2/61      AC:  3    Str:  7    XL:     9   Next: 69%
Gold:   778        EV: 13    Int: 20    God:    Gozag SH:  0 Dex: 19

rFire   + + .      SeeInvis .   o - +6 glaive of the Gnat {antimagic, rElec Dex+5}
rCold   x . .      Faith    .   (shield currently unavailable)
rNeg    . . .      Spirit   .   a - +0 robe
rPois   ∞          Reflect  .   (no helmet)
rElec   +          Harm     .   k - +0 cloak
rCorr   .          Rampage  .   (no gloves)
Will    .....                   (boots unavailable)
Stlth   +++.......              (no amulet)
HPRegen 0.20/turn               (no ring)
MPRegen 0.00/turn               (no ring)

@: wereblooded, flying
A: sickness immunity, fire resistance 2, cold vulnerability 1, float, innate
caster, hp casting, extra vitality 1
a: Renounce Religion, Potion Petition, Call Merchant, Bribe Branch


You were on level 7 of the Dungeon.
You worshipped Gozag.
Gozag was pleased with you.
You visited 1 branch of the dungeon, and saw 7 of its levels.

You collected 798 gold pieces.
You paid 20 gold pieces to Gozag.

Inventory:

Hand Weapons
 c - a +0 short sword
 o - the +6 glaive of the Gnat (weapon) {antimagic, rElec Dex+5}
   (You found it on level 3 of the Dungeon)

   It reduces the magical energy of the wielder, and disrupts the spells and
   magical abilities of those it strikes.
   Natural abilities and divine invocations are not affected.
   Dex:       It affects your dexterity (+5).
   rElec:     It insulates you from electricity.
Missiles
 f - 187 stones
 i - a throwing net
Armour
 a - a +0 robe (worn)
 k - a +0 cloak (worn)
Jewellery
 m - a +6 ring of dexterity
Wands
 r - a wand of flame (9)
 x - a wand of charming (9)
Scrolls
 b - a scroll of enchant weapon
 g - 4 scrolls of amnesia {unknown}
 h - 6 scrolls of identify
 l - 4 scrolls of vulnerability {unknown}
 q - a scroll of fear {unknown}
 s - 3 scrolls of teleportation {unknown}
 v - a scroll of noise {unknown}
 w - 2 scrolls of blinking {unknown}
 y - a scroll of enchant armour {unknown}
 z - a scroll of magic mapping {unknown}
Potions
 d - 2 potions of lignification {unknown}
 e - 4 potions of curing {unknown}
 j - 2 potions of heal wounds
 n - a potion of magic {unknown}
 p - 2 potions of mutation {unknown}
 t - 2 potions of brilliance {unknown}
 u - a potion of might {unknown}


   Skills:
 * Level 3.6 Fighting
 + Level 1.7 Polearms
 + Level 2.6 Dodging
 + Level 3.1 Stealth
 + Level 0.1 Unarmed Combat
 * Level 8.8 Spellcasting


You had 3 spell levels left.
You knew the following spells:

 Your Spells              Type           Power      Damage    Failure   Level
a - Foxfire               Conj/Fire      100%       2x1d9     1%          1
b - Scorch                Fire           88%        2d9       1%          2
c - Conjure Flame         Conj/Fire      44%        6-21      1%          3
d - Inner Flame           Hex/Fire       44%        N/A       1%          3
e - Flame Wave            Conj/Fire      44%        3d9       1%          4
f - Sandblast             Erth           88%        2d18      1%          1
g - Wereblood             Tmut           44%        N/A       1%          2
h - Ensorcelled Hibernat  Hex/Ice        88%        N/A       1%          2
i - Petrify               Tmut/Erth      44%        N/A       1%          4
Your spell library was empty.

Dungeon Overview and Level Annotations

Branches:
Dungeon (7/15)             Temple (0/1) D:6

Altars:
Dithmenos
Elyvilon
Gozag
Nemelex Xobeh
Zin


Innate Abilities, Weirdness & Mutations

You are immune to sickness and miasma.
You are immune to poison.
Your flesh is very heat resistant. (rF++)
You are vulnerable to cold. (rC-)
You float through the air rather than walking.
You learn spells naturally, not from books.
Your magical power is your life essence.
You have superior vitality. (+4 HP)


Message History

The two-headed ogre's fire resistance burns away.
Casting: Scorch (safe; 1% risk of failure)
Confirm with . or Enter, or press ? or * to list all spells.
Flames lash the two-headed ogre.
The two-headed ogre is burned terribly!
The two-headed ogre is heavily wounded.
Casting: Scorch (safe; 1% risk of failure)
Confirm with . or Enter, or press ? or * to list all spells.
Flames lash the two-headed ogre.
The two-headed ogre is heavily wounded.
Casting: Scorch (safe; 1% risk of failure)
Confirm with . or Enter, or press ? or * to list all spells.
Flames lash the two-headed ogre.
The two-headed ogre is burned terribly!
The two-headed ogre is heavily wounded.
Casting: Scorch (safe; 1% risk of failure)
Confirm with . or Enter, or press ? or * to list all spells.
Flames lash the two-headed ogre.
The two-headed ogre is burned terribly!
The two-headed ogre is heavily wounded.
The two-headed ogre is no longer more vulnerable to fire.
Casting: Scorch (safe; 1% risk of failure)
Confirm with . or Enter, or press ? or * to list all spells.
Flames lash the two-headed ogre.
The two-headed ogre is heavily wounded.
The two-headed ogre's fire resistance burns away.
The two-headed ogre is no longer petrified.
Casting: Scorch (safe; 1% risk of failure)
Confirm with . or Enter, or press ? or * to list all spells.
Flames lash the two-headed ogre.
The two-headed ogre is burned terribly!
The two-headed ogre is severely wounded.
The two-headed ogre hits you with a +0 dire flail!!
The two-headed ogre misses you.
Unknown command.
Casting: Scorch (safe; 1% risk of failure)
Confirm with . or Enter, or press ? or * to list all spells.
Your blood is infused with primal strength.
* * * LOW HITPOINT WARNING * * *
The two-headed ogre hits you with a +0 dire flail!
* * * LOW HITPOINT WARNING * * *
The two-headed ogre hits you with a +0 giant club!
You die...
Your body crumbles into a pile of gold.

#...........
.####............. #...
..#............... #....
...............#. .#....
#.........##.### ......##
##.........##.##
##)....###....#.........## .
#......##.......[........#
..##.......#@...##........#..
#..........O.#.####.......###
#............# # ##......##
#..........### #........# .
#.........<..# #...........
##........#..####......#.##
#.....##...#..##...#..#.#..#
##.... ##...#...............
##... #...........#...##..


You could see a two-headed ogre (combustible).

Vanquished Creatures
  Eustachio (D:5)
  2 water moccasins (D:7)
  An ice beast (D:5)
  2 sky beasts
  3 black bears
  3 ogres
  A phantom (D:4)
  A kobold brigand (D:6)
  A scorpion (D:5)
  A gnoll sergeant (D:7)
  A centaur zombie (D:5)
  4 hounds
  3 jellies
  3 bullfrog skeletons
  Crazy Yiuf (D:6)
  A bullfrog zombie (D:5)
  An orc priest (D:6)
  2 gnoll shamans
  An iguana (D:4)
  2 hound skeletons
  A howler monkey zombie (D:5)
  22 gnolls
  3 howler monkey skeletons (D:6)
  3 adders
  2 shadow imps
  A white imp (D:5)
  An adder skeleton (D:4)
  2 worms
  2 dart slugs
  2 orcs (D:6)
  5 bats
  6 endoplasms
  2 giant cockroaches
  8 goblins
  4 hobgoblins
  7 kobolds
  A quokka (D:4)
  7 ball pythons
  2 frilled lizards (D:1)
  4 rats
120 creatures vanquished.

Vanquished Creatures (others)
  509 foxfires
509 creatures vanquished.

Grand Total: 629 creatures vanquished

Notes
Turn   | Place    | Note
-------+----------+-------------------------------------------
     0 | D:1      | robertstho the Djinni Fire Elementalist began the quest for
                  | the Orb.
     0 | D:1      | Reached XP level 1. HP: 15/15 MP: 0/0
    84 | D:1      | Found a faded altar of an unknown god.
   513 | D:1      | Reached XP level 2. HP: 19/21 MP: 0/0
  1532 | D:2      | Reached XP level 3. HP: 21/25 MP: 0/0
  1532 | D:2      | Learned a level 1 spell: Sandblast
  1630 | D:2      | Reached skill level 3 in Spellcasting
  2173 | D:2      | You are sucked into a shaft and drop 2 floors!
  2189 | D:4      | Reached XP level 4. HP: 29/31 MP: 0/0
  2193 | D:4      | Reached skill level 1 in Fighting
  2319 | D:4      | Found an opulent altar of Gozag.
  2536 | D:4      | Became a worshipper of Gozag Ym Sagoz the Greedy
  2791 | D:4      | Noticed a black bear
  3065 | D:4      | Killed a black bear
  3066 | D:4      | Reached skill level 4 in Spellcasting
  3066 | D:4      | Reached XP level 5. HP: 30/37 MP: 0/0
  3066 | D:4      | Learned a level 2 spell: Wereblood
  3296 | D:4      | Noticed a black bear
  3304 | D:4      | Killed a black bear
  3305 | D:4      | Reached XP level 6. HP: 34/42 MP: 0/0
  3448 | D:4      | Reached skill level 5 in Spellcasting
  3448 | D:4      | Reached XP level 7. HP: 35/48 MP: 0/0
  3448 | D:4      | Learned a level 2 spell: Ensorcelled Hibernation
  4554 | D:3      | Identified the +6 glaive of the Gnat {antimagic, rElec
                  | Dex+5}
  4951 | D:5      | Entered Level 5 of the Dungeon
  5201 | D:5      | Reached skill level 6 in Spellcasting
  5330 | D:5      | Reached XP level 8. HP: 34/54 MP: 0/0
  5625 | D:5      | Noticed Eustachio
  5632 | D:5      | Killed Eustachio
  5704 | D:5      | Reached skill level 7 in Spellcasting
  5831 | D:5      | Found a shadowy altar of Dithmenos.
  5883 | D:5      | Found a sparkling altar of Nemelex Xobeh.
  6242 | D:6      | Found a white marble altar of Elyvilon.
  6341 | D:6      | Found a glowing silver altar of Zin.
  6375 | D:6      | Reached XP level 9. HP: 57/60 MP: 0/0
  6375 | D:6      | Learned a level 4 spell: Petrify
  6525 | D:6      | Found a staircase to the Ecumenical Temple.
  6785 | D:6      | Reached skill level 8 in Spellcasting
  7183 | D:6      | Found a runed translucent door.
  7184 | D:6      | Noticed Crazy Yiuf
  7519 | D:6      | Killed Crazy Yiuf
  7853 | D:7      | Reached skill level 1 in Polearms
  8086 | D:7      | Noticed a two-headed ogre
  8103 | D:7      | Slain by a two-headed ogre

Illustrated notes

Levels and vault maps discovered:
D:1:      dpeg_arrival_round_c, layout_basic,
          ebering_ecumenical_altar_abandoned, lemuel_another_geyser
D:2:      layout_rooms, chequers_serial_rivers_large_b, minmay_surrounded
D:3:      layout_basic, minmay_liquid_box, chequers_avenue,
          hangedman_abyss_or_decor_stabs, minmay_checkerbox
D:4:      layout_basic, overflow_temple_1_default, serial_co_window_serial,
          co_window_paths_a, co_window_paths_b, co_window_paths_b,
          co_window_paths_b, co_window_corner_a, co_window_paths_b,
          co_window_paths_a, co_window_paths_a, co_window_paths_b,
          co_window_broadway_a, co_window_broadway_a, co_window_broadway_b,
          co_window_paths_c, glass_columns_c, glass_columns_b, glass_columns_b,
          glass_columns_c, glass_columns_c, minmay_crystal_room
D:5:      layout_cave_pools, mainiacjoe_overflow_catch_the_wave, uniq_eustachio
D:6:      layout_basic, nicolae_overflow_hidden_temple, zin_statuary,
          temple_hall, kennysheep_potato, uniq_crazy_yiuf_cottage
D:7:      layout_cave_pools

Skill      XL: |  1  2  3  4  5  6  7  8  9 |
---------------+----------------------------+-----
Spellcasting   | 3 4 5 6 7 8 |  8.8
Fighting       | 1 2 3 |  3.6
Stealth        | 2 3 |  3.1
Polearms       | 1 |  1.7
Dodging        | |  2.6
Unarmed Combat | |  0.1

Action                   |  1- 3 |  4- 6 |  7- 9 || total
-------------------------+-------+-------+-------++-------
Melee: Unarmed           |     1 |       |       ||     1
       Glaive            |       |       |    14 ||    14
 Cast: Foxfire           |    58 |    35 |   197 ||   290
       Scorch            |    13 |    15 |    61 ||    89
       Petrify           |       |       |     1 ||     1
       Wereblood         |       |       |     1 ||     1
  Use: Scroll            |     2 |     1 |       ||     3
Armor: Robe              |    10 |     1 |     2 ||    13
Dodge: Dodged            |    11 |     9 |    15 ||    35

Table legend: (Time is in decaauts)
 A = Elapsed time spent in this place.
 B = Non-inter-level travel time spent in this place.
 C = Inter-level travel time spent in this place.
 D = Time resting spent in this place.
 E = Time spent auto-exploring this place.
 F = Levels seen in this place.
 G = Mean time per level.
                   A        B        C        D        E       F      G
               +--------+--------+--------+--------+--------+-----+--------+
         Total |   8111 |   7895 |    216 |    240 |   6816 |   7 | 1158.7 |
       Dungeon |   8111 |   7895 |    216 |    240 |   6816 |   7 | 1158.7 |
               +--------+--------+--------+--------+--------+-----+--------+

Top non-repeatable levels by time:
     D:4: 2055 daAuts
     D:6: 1538 daAuts
     D:1: 1461 daAuts
     D:5: 1134 daAuts
     D:3: 725 daAuts
     D:2: 711 daAuts
     D:7: 483 daAuts
